[ AOE2 MATCH · #478698332 ]
UnrankedJapanese vs None
Rival team · WIN
[ REPLAY ANALYSIS · EXTRACTED FROM THE RECORDED GAME ]
Feudal
—
Castle
—
Imperial
—
| APM avg | 59.8 |
| APM peak | 121 |
| eAPM avg | 48.8 |
| Villagers / military | 214 / 4691 |
Focus
⚔️ 61.7% · 🌾 38.3%
Samurai ×2932 · Militia ×1156 · Spearman ×384 · Trade Cart ×122 · Cavalry Archer ×110 · Trebuchet (Packed) ×79
Feudal
—
Castle
—
Imperial
—
| APM avg | 42.2 |
| APM peak | 88 |
| eAPM avg | 37.3 |
| Villagers / military | 378 / 3112 |
Focus
⚔️ 61.8% · 🌾 38.2%
Knight ×1331 · Gbeto ×646 · Camel Scout ×575 · Mangonel ×325 · Trade Cart ×141 · Hand Cannoneer ×75
Match map
Initial resources + every placement click. Lines = walls · curves = elevation contours. ◆ gold · ⬟ stone · ● berries · ✦ relic · ◌ wall gap
Your base· ✓ Map-separated
GGAMER's base· ✓ Map-separated
Smoothed initial terrain · ◌ = detected wall gap · hover for details
Inputs per minute
— v - - GGAMER
Build order — v
First 150 of 1598 actions detected
| 0:01 | Create | Villager (Male) |
| 0:01 | Create | Villager (Male) |
| 0:06 | Build | Town Center |
| 0:10 | Build | Market |
| 0:12 | Create | Villager (Male) |
| 0:16 | Build | Town Center |
| 0:19 | Build | Town Center |
| 0:25 | Build | Town Center |
| 0:26 | Create | Villager (Male) |
| 0:27 | Create | Villager (Male) |
| 0:33 | Build | Town Center |
| 0:34 | Create | Villager (Male) |
| 0:34 | Create | Villager (Male) |
| 0:36 | Build | House |
| 0:37 | Build | House |
| 0:39 | Build | House |
| 0:40 | Create | Villager (Male) |
| 0:53 | Build | Market |
| 0:58 | Build | Market |
| 1:00 | Build | Market |
| 1:01 | Build | Market |
| 1:04 | Create | Villager (Male) |
| 1:04 | Create | Villager (Male) |
| 1:04 | Create | Villager (Male) |
| 1:04 | Create | Villager (Male) |
| 1:11 | Build | Town Center |
| 1:12 | Create | Villager (Male) |
| 1:13 | Create | Villager (Male) |
| 1:13 | Create | Villager (Male) |
| 1:13 | Create | Villager (Male) |
| 1:14 | Create | Villager (Male) |
| 1:14 | Create | Villager (Male) |
| 1:16 | Create | Villager (Male) |
| 1:16 | Create | Villager (Male) |
| 1:19 | Create | Villager (Male) |
| 1:19 | Create | Villager (Male) |
| 1:23 | Create | Villager (Male) |
| 1:23 | Create | Villager (Male) |
| 1:25 | Create | Villager (Male) |
| 1:25 | Create | Villager (Male) |
| 1:28 | Build | House |
| 1:29 | Create | Villager (Male) |
| 1:39 | Build | Market |
| 1:41 | Build | Market |
| 1:43 | Build | Market |
| 1:45 | Create | Villager (Male) |
| 1:45 | Create | Villager (Male) |
| 1:48 | Create | Villager (Male) |
| 1:49 | Create | Villager (Male) |
| 1:49 | Create | Villager (Male) |
| 1:49 | Create | Villager (Male) |
| 1:49 | Create | Villager (Male) |
| 1:50 | Create | Villager (Male) |
| 1:50 | Create | Villager (Male) |
| 1:50 | Create | Villager (Male) |
| 1:50 | Create | Villager (Male) |
| 1:57 | Build | Town Center |
| 1:59 | Create | Villager (Male) |
| 1:59 | Create | Villager (Male) |
| 1:59 | Create | Villager (Male) |
| 1:59 | Create | Villager (Male) |
| 2:00 | Create | Villager (Male) |
| 2:02 | Create | Villager (Male) |
| 2:02 | Create | Villager (Male) |
| 2:02 | Create | Villager (Male) |
| 2:06 | Create | Villager (Male) |
| 2:06 | Create | Villager (Male) |
| 2:07 | Create | Villager (Male) |
| 2:07 | Create | Villager (Male) |
| 2:09 | Create | Trade Cart ×2 |
| 2:22 | Build | Town Center |
| 2:24 | Create | Villager (Male) |
| 2:24 | Create | Villager (Male) |
| 2:24 | Create | Villager (Male) |
| 2:24 | Create | Villager (Male) |
| 2:32 | Create | Villager (Male) |
| 2:32 | Create | Villager (Male) |
| 2:34 | Create | Villager (Male) |
| 2:35 | Create | Villager (Male) |
| 2:42 | Build | Farm |
| 2:42 | Build | Farm |
| 2:43 | Build | Farm |
| 2:43 | Build | Farm |
| 2:44 | Build | Farm |
| 2:44 | Build | Farm |
| 2:45 | Create | Villager (Male) |
| 2:46 | Create | Villager (Male) |
| 2:46 | Create | Villager (Male) |
| 2:46 | Create | Villager (Male) |
| 3:02 | Build | Stone Wall |
| 3:05 | Create | Villager (Male) |
| 3:05 | Create | Villager (Male) |
| 3:05 | Create | Villager (Male) |
| 3:06 | Create | Villager (Male) |
| 3:12 | Build | House |
| 3:13 | Build | House |
| 3:15 | Build | House |
| 3:16 | Create | Villager (Male) |
| 3:17 | Create | Villager (Male) |
| 3:22 | Build | House |
| 3:22 | Build | House |
| 3:23 | Build | House |
| 3:23 | Build | House |
| 3:24 | Build | House |
| 3:25 | Build | House |
| 3:26 | Build | House |
| 3:26 | Build | House |
| 3:26 | Build | House |
| 3:27 | Build | House |
| 3:28 | Build | House |
| 3:28 | Build | House |
| 3:30 | Build | House |
| 3:31 | Build | House |
| 3:31 | Build | House |
| 3:31 | Build | House |
| 3:32 | Build | House |
| 3:32 | Build | House |
| 3:33 | Build | House |
| 3:43 | Build | House |
| 3:45 | Build | House |
| 3:46 | Build | House |
| 3:48 | Build | House |
| 3:51 | Create | Villager (Male) |
| 3:51 | Create | Villager (Male) |
| 3:51 | Create | Villager (Male) |
| 3:51 | Create | Villager (Male) |
| 3:53 | Create | Trade Cart ×5 |
| 3:54 | Create | Trade Cart ×5 |
| 3:54 | Create | Trade Cart ×4 |
| 3:57 | Create | Villager (Male) |
| 3:57 | Create | Villager (Male) |
| 4:03 | Build | Market |
| 4:06 | Create | Villager (Male) |
| 4:06 | Create | Villager (Male) |
| 4:06 | Create | Villager (Male) |
| 4:07 | Create | Villager (Male) |
| 4:07 | Create | Villager (Male) |
| 4:07 | Create | Villager (Male) |
| 4:11 | Build | Farm |
| 4:12 | Build | Farm |
| 4:12 | Build | Farm |
| 4:12 | Build | Farm |
| 4:13 | Create | Villager (Male) |
| 4:14 | Create | Villager (Male) |
| 4:27 | Build | Stone Wall |
| 4:29 | Create | Villager (Male) |
| 4:29 | Create | Villager (Male) |
| 4:29 | Create | Villager (Male) |
| 4:29 | Create | Villager (Male) |
| 4:30 | Create | Villager (Male) |
Build order — GGAMER
First 150 of 1110 actions detected
| 0:02 | Build | Market |
| 0:04 | Create | Villager (Male) ×5 |
| 0:05 | Create | Villager (Male) ×5 |
| 0:05 | Create | Villager (Male) ×5 |
| 0:23 | Build | Town Center |
| 0:24 | Build | Town Center |
| 0:27 | Build | Town Center |
| 0:28 | Build | Town Center |
| 0:31 | Build | Town Center |
| 0:32 | Build | Town Center |
| 0:34 | Build | Town Center |
| 0:35 | Build | Town Center |
| 0:37 | Build | Town Center |
| 0:38 | Build | Town Center |
| 0:41 | Build | Town Center |
| 0:42 | Build | Town Center |
| 0:45 | Build | Town Center |
| 0:46 | Build | Town Center |
| 0:49 | Build | Town Center |
| 0:50 | Build | Town Center |
| 0:53 | Build | Town Center |
| 0:55 | Build | Town Center |
| 0:59 | Build | Town Center |
| 1:00 | Build | Town Center |
| 1:10 | Create | Villager (Male) ×2 |
| 1:16 | Build | Town Center |
| 1:19 | Build | Town Center |
| 1:22 | Create | Villager (Male) |
| 1:25 | Create | Villager (Male) ×5 |
| 1:25 | Create | Villager (Male) ×5 |
| 1:29 | Create | Villager (Male) ×5 |
| 1:30 | Create | Villager (Male) ×5 |
| 1:30 | Create | Villager (Male) ×5 |
| 1:30 | Create | Villager (Male) ×5 |
| 1:31 | Create | Villager (Male) ×5 |
| 1:31 | Create | Villager (Male) ×5 |
| 1:31 | Create | Villager (Male) ×5 |
| 1:32 | Create | Villager (Male) ×5 |
| 1:32 | Create | Villager (Male) ×5 |
| 1:32 | Create | Villager (Male) ×5 |
| 1:33 | Create | Villager (Male) ×5 |
| 1:33 | Create | Villager (Male) ×5 |
| 1:33 | Create | Villager (Male) ×5 |
| 1:41 | Build | Town Center |
| 1:43 | Build | Town Center |
| 1:52 | Build | Town Center |
| 1:54 | Build | Town Center |
| 1:56 | Build | Town Center |
| 1:59 | Build | Town Center |
| 2:01 | Build | Town Center |
| 2:11 | Build | Town Center |
| 2:17 | Build | Market |
| 2:22 | Build | Market |
| 2:23 | Build | Market |
| 2:24 | Build | Market |
| 2:24 | Build | Market |
| 2:25 | Build | Market |
| 2:30 | Build | Market |
| 2:31 | Build | Market |
| 2:31 | Build | Market |
| 2:32 | Build | Market |
| 2:32 | Build | Market |
| 2:33 | Build | Market |
| 2:34 | Build | Market |
| 2:34 | Build | Market |
| 2:35 | Build | Market |
| 2:35 | Build | Market |
| 2:36 | Build | Market |
| 2:37 | Build | Market |
| 2:39 | Create | Villager (Male) ×5 |
| 2:40 | Create | Villager (Male) ×5 |
| 2:40 | Create | Villager (Male) ×5 |
| 2:40 | Create | Villager (Male) ×5 |
| 2:41 | Create | Villager (Male) ×5 |
| 2:41 | Create | Villager (Male) ×5 |
| 2:41 | Create | Villager (Male) ×5 |
| 2:42 | Create | Villager (Male) ×5 |
| 2:49 | Build | House |
| 2:50 | Build | House |
| 2:50 | Build | House |
| 2:51 | Build | House |
| 2:52 | Build | House |
| 2:52 | Build | House |
| 2:52 | Build | House |
| 2:54 | Build | House |
| 2:54 | Build | House |
| 2:55 | Build | House |
| 2:55 | Build | House |
| 2:56 | Build | House |
| 2:59 | Build | Lumber Camp |
| 3:00 | Create | Villager (Male) ×5 |
| 3:01 | Create | Villager (Male) ×5 |
| 3:01 | Create | Villager (Male) ×5 |
| 3:01 | Create | Villager (Male) ×5 |
| 3:02 | Create | Villager (Male) ×5 |
| 3:02 | Create | Villager (Male) ×5 |
| 3:03 | Create | Villager (Male) ×5 |
| 3:10 | Build | Lumber Camp |
| 3:17 | Build | House |
| 3:18 | Build | House |
| 3:19 | Build | House |
| 3:19 | Build | House |
| 3:19 | Build | House |
| 3:20 | Build | House |
| 3:21 | Build | House |
| 3:21 | Build | House |
| 3:21 | Build | House |
| 3:22 | Build | House |
| 3:22 | Build | House |
| 3:23 | Build | House |
| 3:23 | Build | House |
| 3:26 | Build | House |
| 3:26 | Build | House |
| 3:27 | Build | House |
| 3:27 | Build | House |
| 3:28 | Build | House |
| 3:28 | Build | House |
| 3:29 | Build | House |
| 3:29 | Build | House |
| 3:29 | Build | House |
| 3:31 | Build | House |
| 3:35 | Build | Lumber Camp |
| 3:39 | Build | Lumber Camp |
| 3:43 | Build | Lumber Camp |
| 3:47 | Build | Lumber Camp |
| 3:50 | Build | House |
| 3:51 | Build | House |
| 3:52 | Build | House |
| 3:53 | Build | House |
| 3:53 | Build | House |
| 3:54 | Build | House |
| 3:55 | Build | House |
| 3:55 | Build | House |
| 3:56 | Build | House |
| 3:57 | Build | House |
| 3:57 | Build | House |
| 3:58 | Build | House |
| 3:59 | Build | House |
| 4:00 | Build | House |
| 4:00 | Build | House |
| 4:01 | Build | House |
| 4:01 | Build | House |
| 4:02 | Build | House |
| 4:03 | Build | House |
| 4:04 | Build | House |
| 4:04 | Build | House |
| 4:05 | Build | House |
| 4:06 | Build | House |
| 4:07 | Build | House |
| 4:12 | Build | Lumber Camp |
Match timeline
| 0:12 | GGAMER · first_market_buy 500 stone |
| 0:15 | GGAMER · first_market_sell 500 food |
| 0:43 | v · first_market_buy 500 stone |
| 3:02 | v · wall_segment Stone Wall x44 |
| 4:27 | v · wall_segment Stone Wall x55 |
| 4:37 | v · first_building Castle |
| 4:52 | v · wall_segment Stone Wall x25 |
| 5:01 | v · wall_segment Stone Wall x19 |
| 5:32 | GGAMER · wall_segment Stone Wall x41 |
| 5:32 | v · first_building Siege Workshop |
| 5:55 | GGAMER · wall_segment Stone Wall x17 |
| 6:04 | GGAMER · wall_segment Stone Wall x31 |
| 7:10 | GGAMER · first_building Castle |
| 8:03 | v · first_building Monastery |
| 9:14 | GGAMER · first_building Siege Workshop |
| 9:25 | v · first_building Barracks |
| 9:53 | GGAMER · wall_segment Stone Wall x51 |
| 10:17 | GGAMER · wall_segment Stone Wall x42 |
| 11:19 | GGAMER · wall_segment Stone Wall x52 |
| 12:31 | GGAMER · first_building Archery Range |
| 12:37 | GGAMER · first_building Stable |
| 12:54 | GGAMER · wall_segment Stone Wall x39 |
| 13:06 | GGAMER · wall_segment Stone Wall x9 |
| 14:01 | GGAMER · wall_segment Stone Wall x21 |
| 14:11 | GGAMER · wall_segment Stone Wall x25 |
| 14:16 | GGAMER · wall_segment Stone Wall x7 |
| 15:23 | GGAMER · wall_segment Stone Wall x9 |
| 15:58 | GGAMER · wall_segment Stone Wall x17 |
| 16:05 | GGAMER · wall_segment Stone Wall x16 |
| 18:32 | v · first_building Archery Range |
| 20:01 | v · first_building Stable |
| 41:30 | GGAMER · wall_segment Stone Wall x6 |
| 46:18 | GGAMER · wall_segment Stone Wall x10 |
| 46:46 | GGAMER · wall_segment Stone Wall x1 |
| 47:28 | GGAMER · wall_segment Stone Wall x1 |
| 53:30 | GGAMER · wall_segment Stone Wall x18 |
| 55:03 | GGAMER · wall_segment Stone Wall x20 |
| 58:01 | v · resign |
[ AI ANALYSIS · 1 CREDIT ]
What really happened in this match?
Wolo.gg analyzes every decision: build order, eco, micro, common mistakes by bracket. Personalized analysis on WhatsApp or Discord in 30 seconds.
Civ guide
Japanese
Perfil
Jugador #286995